 Dungeon Crawl Stone Soup version 0.29.1-2-gbd0b4ee654 (webtiles) character file.

Game seed: 7120970173287233412

126191 Gabide the Marksvampire (level 16, -12/105 HPs)
             Began as a Vampire Monk on Nov 22, 2022.
             Was the Champion of Dithmenos.
             Mangled by a bunyip (37 damage)
             ... on level 4 of the Swamp.
             The game lasted 01:16:54 (23452 turns).

Gabide the Marksvampire (Vampire Monk)             Turns: 23452, Time: 01:16:54

Health: -12/105    AC: 19    Str: 10    XL:     16   Next: 43%
Magic:  16/16      EV: 25    Int: 22    God:    Dithmenos [******]
Gold:   1792       SH:  0    Dex: 22    Spells: 15/15 levels left

rFire   . . .      SeeInvis +   a - +6 triple crossbow "Joelal" {penet, Int+5}
rCold   + + +      Faith    .   (shield currently unavailable)
rNeg    + + +      Spirit   .   I - +0 steam dragon scales
rPois   ∞          Reflect  .   c - +2 helmet
rElec   +          Harm     .   q - +2 cloak
rCorr   .          Rampage  .   W - +1 pair of gloves of the Slorg {rElec rC+ SInv Stlth+}
Will    ++...                   X - +1 pair of boots of the Beekeeper {+Blink Int+2} Stlth *+++++++++
                                H - amulet of regeneration
HPRegen 0.00/turn               h - +4 ring of protection
MPRegen 0.15/turn               K - ring of willpower

@: bloodless, inhibited regen, wreathed by umbra
A: bloodless, fangs 3, see invisible, vampiric 2
a: Bat Form, Revivify, Renounce Religion, Evoke Blink, Shadow Step, Shadow Form


You were on level 4 of the Swamp.
You worshipped Dithmenos.
Dithmenos was exalted by your worship.
You visited 5 branches of the dungeon, and saw 27 of its levels.
You also visited: Gauntlet.

You collected 3130 gold pieces.
You spent 1338 gold pieces at shops.

Inventory:

Hand Weapons
 a - the +6 triple crossbow "Joelal" (weapon) {penet, Int+5}
   (You found it on level 3 of the Dungeon)

   Any ammunition fired by it passes through the targets it hits, potentially
   hitting all targets in its path until it reaches maximum range.
   Int:       It affects your intelligence (+5).
 b - a +5 long sword
Missiles
 j - 8 atropa-tipped darts
 t - 11 curare-tipped darts
 P - 2 throwing nets
Armour
 c - a +2 helmet (worn)
 q - a +2 cloak (worn)
 v - a +0 troll leather armour
 I - +0 steam dragon scales (worn)
 W - the +1 pair of gloves of the Slorg (worn) {rElec rC+ SInv Stlth+}
   (You found it in a Gauntlet)

   rC:        It protects you from cold.
   rElec:     It insulates you from electricity.
   SInv:      It lets you see invisible.
   Stlth:     It makes you more stealthy.
 X - the +1 pair of boots of the Beekeeper (worn) {+Blink Int+2}
   (You found it in a Gauntlet)

   Int:       It affects your intelligence (+2).
   +Blink:    It lets you blink.
Jewellery
 h - a +4 ring of protection (left hand)
 p - a +4 ring of protection
 C - a ring of flight
 D - a ring of resist corrosion
 H - an amulet of regeneration (around neck)
 K - a ring of willpower (right hand)
Wands
 k - a wand of light (6)
 y - a wand of flame (93)
 B - a wand of polymorph (8)
 E - a wand of paralysis (11)
 J - a wand of digging (12)
 S - a wand of roots (5)
Scrolls
 f - 4 scrolls of brand weapon
 i - 4 scrolls of teleportation
 m - 2 scrolls of amnesia {unknown}
 o - 4 scrolls of poison
 r - a scroll of fear {unknown}
 s - a scroll of silence {unknown}
 u - 7 scrolls of fog
 w - 3 scrolls of enchant weapon
 L - a scroll of immolation {unknown}
 N - 4 scrolls of vulnerability
 O - 4 scrolls of magic mapping
 R - 2 scrolls of blinking
 V - a scroll of torment {unknown}
Potions
 d - 5 potions of cancellation
 e - 2 potions of haste
 g - a potion of brilliance {unknown}
 l - a potion of berserk rage {unknown}
 n - 3 potions of ambrosia
 x - 2 potions of might
 z - 3 potions of lignification
 A - 2 potions of heal wounds
 F - 17 potions of curing
 G - 2 potions of flight
 M - 3 potions of magic
 Q - 2 potions of invisibility
 T - a potion of mutation
 U - 2 potions of attraction
 Y - a potion of resistance
Miscellaneous
 Z - a phial of floods


   Skills:
 + Level 13.9 Fighting
 - Level 5.0 Long Blades
 * Level 18.1 Ranged Weapons
 - Level 2.0 Armour
 + Level 16.0 Dodging
 - Level 3.0 Stealth


You had 15 spell levels left.
You didn't know any spells.
Your spell library contained the following spells:

 Spells                   Type           Power      Damage    Failure   Level
 Beastly Appendage        Tmut           0%         N/A       17%         1
 Magic Dart               Conj           0%         1d3       17%         1
 Necrotise                Necr           0%         1d4       17%         1
 Sandblast                Erth           0%         2d4       17%         1
 Sting                    Tmut/Pois      0%         1d3       17%         1
 Blink                    Tloc           0%         N/A       26%         2
 Passwall                 Tmut/Erth      0%         N/A       26%         2
 Poisonous Vapours        Pois/Air       0%         N/A       26%         2
 Searing Ray              Conj           0%         2d4       26%         2
 Static Discharge         Conj/Air       0%         3-3/arc   26%         2
 Wereblood                Tmut           0%         N/A       26%         2
 Lesser Beckoning         Tloc           0%         N/A       45%         3
 Spider Form              Tmut/Pois      0%         N/A       45%         3
 Stone Arrow              Conj/Erth      0%         3d7       45%         3
 Summon Guardian Golem    Hex/Summ       0%         N/A       45%         3
 Vampiric Draining        Necr           0%         2d6       45%         3
 Cause Fear               Hex            0%         N/A       86%         4
 Fulminant Prism          Conj/Hex       0%         3d6       86%         4
 Olgreb's Toxic Radiance  Pois           0%         N/A       86%         4
 Agony                    Necr           0%         N/A       99%         5
 Fireball                 Conj/Fire      0%         3d3       99%         5
 Lightning Bolt           Conj/Air       0%         1d11      99%         5
 Manifold Assault         Tloc           0%         N/A       99%         5
 Summon Forest            Summ/Tloc      0%         N/A       99%         5
 Summon Mana Viper        Hex/Summ       0%         N/A       99%         5
 Iron Shot                Conj/Erth      0%         9d1       100%        6
 Starburst                Conj/Fire      0%         6d3       100%        6
 Summon Cactus Giant      Summ           0%         N/A       100%        6
 Dragon Form              Tmut           0%         N/A       100%        7
 Ignition                 Fire           0%         3d3       100%        8
 Maxwell's Capacitive Co  Air            0%         ∞         100%        8
 Dragon's Call            Summ           0%         N/A       100%        9
 Shatter                  Erth           0%         3d5*      100%        9


Dungeon Overview and Level Annotations

Branches:
Dungeon (15/15)            Temple (1/1) D:5            Lair (5/5) D:10
  Swamp (4/4) Lair:2       Spider (0/4) Lair:2        Slime (0/5) Lair:5
    Orc (2/2) D:10            Elf (0/3) Orc:2        Vaults (0/5) D:14
 Depths (0/4) D:15        Gauntlet (visited)

Altars:
Ashenzari
Cheibriados
Dithmenos
Fedhas
Gozag
Hepliaklqana
Kikubaaqudgha
Makhleb
Nemelex Xobeh
Okawaru
Qazlal
Ru
Sif Muna
Trog
Uskayaw
Vehumet
Wu Jian
Xom
Yredelemnul

Shops:
D:10 =   Orc:2 !:(:

Annotations:
D:3 yodak's ghost, amateur MiBe
D:8 2 transporters, ripuliukko's ghost, novice MiFi
D:10 4 transporters


Innate Abilities, Weirdness & Mutations

You do not regenerate when monsters are visible.
You are frail without blood (-20% HP).
You can heal yourself when you bite living creatures.
You are immune to poison.
You have razor-sharp teeth.
You have supernaturally acute eyesight. (SInv)
You are afflicted with vampirism and can become a bat while bloodless.


Message History

Press: ? - help, Q - select action, (/) - cycle Shift-Dir - straight line, f/p - spriggan druid
Aim: a spriggan druid, wielding a +0 quarterstaff and wearing a +0 robe (umbra, 59% to hit)
You shoot a bolt.
The bolt pierces through the spriggan druid!!
The spriggan druid is heavily wounded.
Okay, then.
Fire: a) +6 triple crossbow "Joelal" {penet, Int+5}
Press: ? - help, Q - select action, (/) - cycle Shift-Dir - straight line, f/p - spriggan druid
Aim: a spriggan druid, wielding a +0 quarterstaff and wearing a +0 robe (heavily wounded, umbra, 59% to hit)
You shoot a bolt. The bolt pierces through the bunyip.
The bunyip is lightly wounded.
The bolt pierces through the spriggan druid!!
With its final breath, the spriggan druid offers up its power to the beasts of the wild!
The bunyip is healed.
The tyrant leech is healed.
The bunyip seems to grow more fierce.
The tyrant leech seems to grow more fierce.
You kill the spriggan druid!
Dithmenos accepts your kill.
You hear a splash.
You hear a splash.
The bunyip claws you!!!
You emit a cloud of dark smoke.
The bunyip completely misses you. The bunyip claws you!!
* * * LOW HITPOINT WARNING * * *
The tyrant leech misses you.
Okay, then.
Unknown command.
Okay, then.
Unknown command.
Okay, then.
Unknown command.
Unknown command.
Press: ? - help, v - describe, . - travel
Here: a bunyip (black smoke, strong, umbra)
The floor.
Unknown command.
Unknown command.
Found a stone staircase leading up.
There is a stone staircase leading up here.
The bunyip barely misses you. The bunyip claws you!!!
You die...

~.... .~~.~~~♣
<.~~. ♣~).~§.♣♣♣♣
~~~~~♣♣♣~~)~~....♣
.§~~~.~♣§§§~~..~~♣
.~~~~~..♣§§§.~...♣
......§.§§§..~~.♣
~♣♣..~§§♣§~~~~♣
♣§~x.§♣<~~~..♣
♣♣@w~♣~~§~..♣♣
♣♣♣♣♣.§..~♣♣
♣♣~§♣♣.~ ♣♣♣♣ ~♣ ♣


You could see a bunyip (strong) and a tyrant leech (strong).

Vanquished Creatures
  Jorgrun (D:12)
  An orc warlord (Orc:2)
  3 ghouls
  An ironbound preserver (D:14)
  3 eleionomae
  5 bunyips
  A minotaur (Gauntlet)
  The ghost of Elebi the Grappler, a journeyman DrTm of Yredelemnul (Lair:2)
  A blizzard demon (Gauntlet)
  A fire dragon (Lair:5)
  2 shambling mangroves
  A rakshasa (D:15)
  2 boulder beetles
  2 catoblepae (Lair:1)
  12 hydras
  Erolcha (D:12)
  2 ghost crabs
  A two-headed ogre (D:14)
  6 alligators
  5 centaur warriors
  Erica (Orc:1)
  5 orc high priests (Orc:2)
  2 tengu warriors (D:14)
  3 death yaks (Lair:2)
  7 spriggans
  Sonja (Orc:2)
  15 skeletal warriors
  4 goliath frogs
  2 spriggan druids
  4 swamp dragons (Swamp:1)
  A wizard (D:10)
  8 bog bodies
  5 orc knights
  2 glowing orange brains
  A lindwurm (Lair:5)
  15 ugly things
  5 deep elf pyromancers
  4 will-o-the-wisps
  2 manticores (D:12)
  3 orc sorcerers
  An oklob plant (Lair:5)
  4 cyclopes
  7 elephants
  5 black mambas
  3 molten gargoyles (Lair:5)
  A torpor snail (shapeshifter) (D:15)
  8 cane toads
  3 gargoyles
  A torpor snail (Lair:3)
  A rime drake (Lair:5)
  An unseen horror (D:13)
  A freezing wraith (D:13)
  3 kobold demonologists
  4 tengu conjurers
  8 komodo dragons
  2 efreet
  An ice devil (Gauntlet)
  11 trolls
  2 bloated husks
  3 meliai (D:13)
  10 hornets
  7 tyrant leeches
  7 blink frogs
  14 slime creatures
  A shadow (D:12)
  A centaur simulacrum (D:15)
  4 wraiths
  34 yaks
  4 wyverns
  The ghost of ymhsbmbesitwf the Ducker, an amateur MfGl (D:3)
  8 basilisks
  3 fire elementals (Gauntlet)
  2 steam dragons
  3 redbacks (Lair:2)
  9 vampire mosquitoes
  16 swamp worms
  5 acid dragons
  10 water moccasins
  A warg (Orc:2)
  The ghost of waddelsworth the Digger, an amateur GrEE (D:3)
  6 hell hounds
  2 ice beasts
  A swamp drake (Swamp:2)
  4 black bears
  34 orc warriors
  A sky beast (D:7)
  11 wolves
  5 ogres
  4 centaurs
  A kobold brigand (D:9)
  A gnoll sergeant (Orc:1)
  3 scorpions
  4 necrophages
  10 bullfrogs
  8 wights
  7 killer bees
  4 howler monkeys
  5 electric eels (D:12)
  The ghost of ripuliukko the Covered, a weakling GrFi (D:3)
  5 lava snakes (Lair:5)
  A hound (D:5)
  Crazy Yiuf (D:3)
  29 orc priests
  Natasha (thrice) (D:3)
  9 iguanas
  24 orc wizards
  4 gnolls (Orc:1)
  12 adders
  A white imp (Gauntlet)
  2 worms (D:2)
  A dart slug (D:4)
  74 orcs
  8 endoplasms
  4 giant cockroaches
  15 goblins
  11 hobgoblins
  2 jackals (D:2)
  9 kobolds
  2 quokkas
  6 ball pythons
  5 bats
  3 frilled lizards
  6 rats
702 creatures vanquished.

Vanquished Creatures (others)
  A spriggan air mage (Swamp:3)
  A bloated husk (Swamp:3)
  A spriggan (Swamp:3)
  An orc (Orc:1)
  4 foxfires (Swamp:1)
  24 fungi
  25 plants
57 creatures vanquished.

Grand Total: 759 creatures vanquished

Notes
Turn   | Place    | Note
-------+----------+-------------------------------------------
     0 | D:1      | Gabide the Vampire Monk began the quest for the Orb.
     0 | D:1      | Reached XP level 1. HP: 17/17 MP: 1/1
   154 | D:1      | Reached XP level 2. HP: 18/20 MP: 2/2
   816 | D:2      | Gained mutation: You are afflicted with vampirism and can
                  | become a bat while bloodless. [Vampire growth]
   816 | D:2      | Reached XP level 3. HP: 15/26 MP: 3/3
  1058 | D:2      | Found a faded altar of an unknown god.
  1884 | D:3      | Reached XP level 4. HP: 35/35 MP: 4/4
  2151 | D:3      | Noticed Natasha
  2161 | D:3      | Killed Natasha
  2165 | D:3      | Noticed Natasha
  2168 | D:3      | Killed Natasha
  2224 | D:3      | Reached skill level 1 in Armour
  2282 | D:3      | Reached XP level 5. HP: 29/41 MP: 5/5
  2400 | D:3      | Noticed Natasha
  2403 | D:3      | Killed Natasha
  2420 | D:3      | Found a runed translucent gate.
  2421 | D:3      | Noticed ripuliukko's ghost (weakling GrFi)
  2423 | D:3      | Found a runed translucent gate.
  2423 | D:3      | Found a runed translucent gate.
  2423 | D:3      | Noticed waddelsworth's ghost (amateur GrEE)
  2426 | D:3      | Noticed ymhsbmbesitwf's ghost (amateur MfGl)
  2426 | D:3      | Noticed yodak's ghost (amateur MiBe)
  2644 | D:3      | Found a runed translucent door.
  2645 | D:3      | Noticed Crazy Yiuf
  2653 | D:3      | Killed Crazy Yiuf
  2932 | D:4      | Reached XP level 6. HP: 48/48 MP: 6/6
  2943 | D:4      | Reached skill level 5 in Dodging
  3216 | D:4      | Reached skill level 5 in Long Blades
  3314 | D:5      | Entered Level 5 of the Dungeon
  3334 | D:5      | Noticed an ice beast
  3357 | D:5      | Killed an ice beast
  3358 | D:5      | Reached skill level 5 in Fighting
  3358 | D:5      | Reached XP level 7. HP: 56/56 MP: 7/7
  3452 | D:5      | Reached skill level 1 in Ranged Weapons
  3485 | D:5      | Reached skill level 2 in Ranged Weapons
  3512 | D:5      | Found a staircase to the Ecumenical Temple.
  3521 | Temple   | Entered the Ecumenical Temple
  3560 | Temple   | Became a worshipper of Dithmenos the Shadowed
  3560 | Temple   | Reached * piety under Dithmenos
  3560 | Temple   | Reached ** piety under Dithmenos
  3731 | D:5      | Found an ornate altar of the Wu Jian Council.
  3843 | D:5      | Reached skill level 3 in Ranged Weapons
  4510 | D:6      | Reached skill level 4 in Ranged Weapons
  4738 | D:6      | Reached XP level 8. HP: 62/62 MP: 8/8
  4925 | D:6      | Reached skill level 5 in Ranged Weapons
  5181 | D:7      | Reached skill level 6 in Ranged Weapons
  5334 | D:7      | Reached skill level 7 in Ranged Weapons
  5554 | D:7      | Reached XP level 9. HP: 63/68 MP: 9/9
  5752 | D:8      | Reached skill level 8 in Ranged Weapons
  5978 | D:8      | Found a transporter.
  5995 | D:8      | Found a transporter.
  6028 | D:8      | Reached *** piety under Dithmenos
  6100 | D:8      | Noticed ripuliukko's ghost (novice MiFi)
  6728 | D:8      | Found a broken altar of Ashenzari.
  7045 | D:8      | Reached skill level 9 in Ranged Weapons
  7332 | D:9      | Found an iron altar of Okawaru.
  7335 | D:9      | Found a hide-covered altar of Uskayaw.
  7345 | D:9      | Found a stormy altar of Qazlal.
  7348 | D:9      | Found a shimmering blue altar of Sif Muna.
  7616 | D:9      | Reached XP level 10. HP: 71/76 MP: 10/10
  7777 | D:10     | Entered Level 10 of the Dungeon
  7777 | D:10     | Noticed a two-headed ogre
  7779 | D:10     | Noticed a glowing orange brain
  7779 | D:10     | a two-headed ogre changed into a glowing orange brain
  8118 | D:3      | Killed ripuliukko's ghost
  8122 | D:3      | Killed waddelsworth's ghost
  8139 | D:3      | Killed ymhsbmbesitwf's ghost
  8139 | D:3      | Reached **** piety under Dithmenos
  8156 | D:3      | Identified the +6 triple crossbow "Joelal" {penet, Int+5}
  8520 | D:10     | Noticed a wizard
  8521 | D:10     | Noticed an orc sorcerer
  8522 | D:10     | Killed a wizard
  8525 | D:10     | Killed an orc sorcerer
  8688 | D:10     | Got the Parchment of Iron Bewitchment
  8752 | D:10     | Reached skill level 10 in Ranged Weapons
  8832 | D:10     | Noticed a gargoyle
  8837 | D:10     | Killed a gargoyle
  8872 | D:10     | Found a staircase to the Orcish Mines.
  8885 | D:10     | Noticed an elephant
  8893 | D:10     | Killed an elephant
  8947 | D:10     | Found a staircase to the Lair.
  8998 | D:10     | Killed a glowing orange brain
  9017 | D:10     | Found a transporter.
  9019 | D:10     | Found a transporter.
  9021 | D:10     | Found a transporter.
  9087 | D:10     | Found Fuimajoq's Jewellery Boutique.
  9091 | D:10     | Bought an amulet of regeneration for 480 gold pieces
  9246 | D:10     | Reached XP level 11. HP: 84/84 MP: 11/11
  9271 | D:10     | Found a transporter.
  9525 | Lair:1   | Entered Level 1 of the Lair of Beasts
  9847 | Lair:1   | Noticed a catoblepas
  9855 | Lair:1   | Killed a catoblepas
  9856 | Lair:1   | Reached skill level 11 in Ranged Weapons
  9919 | Lair:1   | Noticed a catoblepas
  9932 | Lair:1   | Killed a catoblepas
 10284 | Lair:2   | Found a runed translucent door.
 10482 | Lair:2   | Found a hole to the Spider Nest.
 10669 | Lair:2   | Noticed a death yak
 10671 | Lair:2   | Noticed a death yak
 10673 | Lair:2   | Noticed a death yak
 10674 | Lair:2   | Killed a death yak
 10685 | Lair:2   | Killed a death yak
 10686 | Lair:2   | Killed a death yak
 10713 | Lair:2   | Reached skill level 12 in Ranged Weapons
 10808 | Lair:2   | Noticed a four-headed hydra
 10820 | Lair:2   | Noticed a seven-headed hydra
 10823 | Lair:2   | HP: 3/87 [seven-headed hydra (7)]
 11154 | Lair:2   | Killed a four-headed hydra
 11286 | Lair:2   | Killed a seven-headed hydra
 11287 | Lair:2   | Reached skill level 10 in Dodging
 11287 | Lair:2   | Reached XP level 12. HP: 69/94 MP: 12/12
 11360 | Lair:2   | Found a staircase to the Swamp.
 11490 | Lair:2   | Noticed Elebi's ghost (journeyman DrTm)
 11593 | Lair:2   | Killed Elebi's ghost
 11768 | Lair:3   | Reached ***** piety under Dithmenos
 11810 | Lair:3   | Noticed a seven-headed hydra
 11818 | Lair:3   | Killed a seven-headed hydra
 11864 | Lair:3   | Noticed a boulder beetle
 11869 | Lair:3   | Killed a boulder beetle
 11979 | Lair:3   | Reached skill level 13 in Ranged Weapons
 13059 | Lair:4   | Reached skill level 10 in Fighting
 13667 | Lair:5   | Entered Level 5 of the Lair of Beasts
 13689 | Lair:5   | Noticed an eight-headed hydra
 13691 | Lair:5   | Killed an eight-headed hydra
 13694 | Lair:5   | Reached XP level 13. HP: 103/103 MP: 13/13
 14084 | Lair:5   | Reached skill level 14 in Ranged Weapons
 14240 | Lair:5   | Found a large runed translucent door.
 14240 | Lair:5   | Found a large runed translucent door.
 14245 | Lair:5   | Noticed a fire dragon
 14366 | Lair:5   | Killed a fire dragon
 14628 | Lair:5   | Found a staircase to the Slime Pits.
 15151 | D:11     | You are sucked into a shaft and drop 3 floors!
 15246 | D:14     | Reached ****** piety under Dithmenos
 15273 | D:14     | Found a gate to the Vaults.
 15273 | D:14     | Noticed an ironbound preserver
 15278 | D:14     | Killed an ironbound preserver
 15341 | D:14     | Reached skill level 15 in Ranged Weapons
 15348 | D:14     | Reached XP level 14. HP: 38/113 MP: 14/14
 16082 | D:14     | Found a hazy altar of Hepliaklqana.
 16135 | D:15     | Entered Level 15 of the Dungeon
 16374 | D:15     | Identified the +1 leather armour "Cumeloytt" {+Inv}
 16479 | D:15     | Identified the +10 plate armour "Xacwotat" {Dex+2}
 16632 | D:15     | Found a staircase to the Depths.
 17205 | D:13     | Reached skill level 16 in Ranged Weapons
 17968 | D:12     | Noticed Erolcha
 17971 | D:12     | Killed Erolcha
 18161 | D:12     | Noticed Jorgrun
 18175 | D:12     | Killed Jorgrun
 18428 | D:12     | Reached XP level 15. HP: 122/122 MP: 15/15
 19319 | Orc:1    | Entered Level 1 of the Orcish Mines
 19475 | Orc:2    | Entered Level 2 of the Orcish Mines
 19475 | Orc:2    | Found Cyellys's Distillery.
 19532 | Orc:2    | Bought a potion of resistance for 150 gold pieces
 19532 | Orc:2    | Bought a potion of magic for 120 gold pieces
 19532 | Orc:2    | Bought a potion of curing for 45 gold pieces
 19532 | Orc:2    | Bought a potion of heal wounds for 75 gold pieces
 19588 | Orc:2    | Found a gate leading to a gauntlet.
 19593 | Gauntlet | Entered a Gauntlet
 19593 | Gauntlet | Found a transporter.
 19596 | Gauntlet | Found a transporter.
 19597 | Gauntlet | Found a runed translucent door.
 19600 | Gauntlet | Found a runed translucent door.
 19609 | Gauntlet | Found a transporter.
 19613 | Gauntlet | Found a transporter.
 19614 | Gauntlet | Found a transporter.
 19616 | Gauntlet | Found a transporter.
 19622 | Gauntlet | Found a transporter.
 19629 | Gauntlet | Found a transporter.
 19643 | Gauntlet | Found a transporter.
 19652 | Gauntlet | Found a transporter.
 19656 | Gauntlet | Found a transporter.
 19667 | Gauntlet | Found a transporter.
 19762 | Gauntlet | Got Qini's Essays on Silt
 19763 | Gauntlet | Identified the +1 pair of boots of the Beekeeper {+Blink
                  | Int+2}
 19809 | Gauntlet | Identified the +1 pair of gloves of the Slorg {rElec rC+
                  | SInv Stlth+}
 19829 | Gauntlet | Identified the +3 ring mail of Qyqion {rElec Int+4 Stlth-}
 19829 | Gauntlet | Identified the +7 tower shield of the Amoeba {rPois}
 19831 | Gauntlet | Identified the +4 rapier "Orb Guardian's Bane" {speed, rN+
                  | Int+5}
 19875 | Orc:2    | Noticed an orc warlord
 19886 | Orc:2    | Killed an orc warlord
 20085 | Orc:2    | Found a staircase to the Elven Halls.
 20302 | Orc:2    | Noticed Sonja
 20309 | Orc:2    | Killed Sonja
 20484 | Orc:2    | Reached skill level 17 in Ranged Weapons
 20531 | Orc:2    | Found Kuceyrch's Weapon Shop.
 20531 | Orc:2    | Found Ivvoan's Book Shop.
 20532 | Orc:2    | Found Hesubirgh's Distillery.
 20532 | Orc:2    | Found Fienenka's Book Boutique.
 20632 | Orc:2    | Bought a potion of heal wounds for 60 gold pieces
 20632 | Orc:2    | Bought a potion of mutation for 96 gold pieces
 20632 | Orc:2    | Bought a potion of haste for 120 gold pieces
 20632 | Orc:2    | Bought a potion of heal wounds for 60 gold pieces
 20632 | Orc:2    | Bought a potion of flight for 36 gold pieces
 20632 | Orc:2    | Bought a potion of cancellation for 96 gold pieces
 20733 | Orc:1    | Noticed Erica
 20737 | Orc:1    | Killed Erica
 21099 | Swamp:1  | Entered Level 1 of the Swamp
 21220 | Swamp:1  | Reached skill level 15 in Dodging
 21310 | Swamp:1  | Found a basalt altar of Yredelemnul.
 21336 | Swamp:1  | Paralysed by a hornet for 3 turns
 21846 | Swamp:2  | Reached XP level 16. HP: 104/104 MP: 16/16
 22832 | Swamp:3  | Reached skill level 18 in Ranged Weapons
 23440 | Swamp:4  | Entered Level 4 of the Swamp
 23452 | Swamp:4  | Mangled by a bunyip

Illustrated notes

Levels and vault maps discovered:
D:1:      enne_arrival_octagon_isle, layout_basic
D:2:      layout_loops_ring, dilly_ecumenical_altar_fadedgnrine
D:3:      layout_basic, gammafunk_ghost_cemetery, interstate_on_off,
          uniq_crazy_yiuf_cottage, uniq_natasha
D:4:      layout_cave_pools
D:5:      layout_loops_ring, nicolae_wu_jian_immortal_techniques,
          minmay_temple_entry_tees
D:6:      layout_basic, kennysheep_dice
D:7:      layout_rooms
D:8:      layout_gridville, general_overflow_altar,
          gammafunk_ghost_abyssal_escape, grunt_ogre_cave
D:9:      layout_gridville, grunt_temple_overflow_cloverleaf
D:10:     cheibrodos_wizards_tower, layout_basic, mainiacjoe_overflow_catwalk,
          david_lair_generic, orc_0_dummy, serial_shops,
          nicolae_shop_hallway_plus, nicolae_diode_quadrants
D:11:     layout_small_grid
D:12:     layout_irregular_city, serial_bayou, serial_bayou_lagoon_a,
          serial_bayou_pond_e, serial_bayou_ford_a, serial_bayou_pond_d,
          serial_bayou_pond_b, uniq_jorgrun, uniq_erolcha
D:13:     layout_grid_maze, grunt_ministairs_15
D:14:     layout_small_grid, skrybe_vaults_entry_preservation,
          nzn_hepliaklqana_mist_gate
D:15:     gammafunk_enter_depths_forms, layout_basic
Temple:   nicolae_temple_superstar
Lair:1:   layout_regular_city, serial_rivers, chequers_serial_rivers_micro_a,
          chequers_serial_rivers_room_b, chequers_serial_rivers_marsh,
          chequers_serial_rivers_micro_d, chequers_serial_rivers_small_b
Lair:2:   layout_roguey, palyth_hydra_swamp_entry, spider_nest_entry_webs,
          ebering_ghost_reflecting_pool, infiniplex_staircase_pool_2
Lair:3:   nzn_winding_woodlands_small [nzn_winding_woodlands_5x15_concentric,
          nzn_winding_woodlands_center_garden,
          nzn_winding_woodlands_5x15_zeroes], layout_layer_cave,
          grunt_megastairs_5
Lair:4:   layout_gridlike, grunt_forest_small_clearing_treed
Lair:5:   cheibrodos_lair_end_hotspot, layout_regular_city,
          minmay_slime_entry_oklob_enclosed
Swamp:1:  layout_basic_swamp, evilmike_swamp_ruin_house_3, grunt_ruined_hall
Swamp:2:  layout_falls_marsh, nicolae_swamp_bean_lake, infiniplex_staircase_pool
Swamp:3:  layout_falls_marsh, nicolae_swamp_round_clearing
Swamp:4:  byrel_swamp_growth_death_and_undeath, layout_basic_swamp, swamp_pool5,
          nicolae_swamp_baby_hydras, uniq_nikola
Orc:1:    layout_caves, uniq_erica
Orc:2:    st_orc_pillars, layout_caves, gauntlet_entry_generic, serial_shops,
          shop, uniq_sonja

Skill      XL: |  1  2  3  4  5  6  7  8  9 10 11 12 13 14 15 16 |
---------------+-------------------------------------------------+-----
Fighting       | 3 5 6 7 8 10 11 12 13 | 13.9
Dodging        | 4 5 6 8 10 11 12 14 15 16 | 16.0
Armour         | 1 2 |  2.0
Long Blades    | 4 5 |  5.0
Ranged Weapons | 4 7 9 10 12 13 15 16 17 18 | 18.1
Stealth        | |  3.0

Action                   |  1- 3 |  4- 6 |  7- 9 | 10-12 | 13-15 | 16-18 || total
-------------------------+-------+-------+-------+-------+-------+-------++-------
Melee: Falchion          |   114 |    15 |       |       |       |       ||   129
       Bite              |    15 |    18 |     9 |       |     1 |       ||    43
       Punch             |     1 |     3 |       |       |       |       ||     4
       Dagger            |     8 |   105 |    14 |       |       |       ||   127
       Long sword        |       |       |    51 |       |     1 |    14 ||    66
 Fire: Sling             |     8 |       |       |       |       |       ||     8
       Longbow           |       |    61 |   301 |    17 |       |       ||   379
       Triple crossbow   |       |       |       |   319 |   804 |   189 ||  1312
       Arbalest          |       |       |       |    28 |       |       ||    28
Throw: Throwing net      |     1 |       |     1 |     1 |       |       ||     3
       Dart              |       |     3 |     1 |       |       |       ||     4
 Abil: Exsanguinate      |     1 |       |       |       |     1 |       ||     2
       Revivify          |     1 |       |       |       |       |       ||     1
Evoke: Wand              |       |     6 |    23 |     1 |     2 |       ||    32
       Phial of floods   |       |       |       |       |       |     1 ||     1
  Use: Potion            |     1 |       |     1 |     2 |     5 |     6 ||    15
       Scroll            |       |       |     4 |    10 |    12 |     3 ||    29
 Stab: Sleeping          |    10 |     3 |     1 |       |       |       ||    14
       Paralysed         |       |       |     6 |       |       |       ||     6
       Invisible         |       |       |     1 |       |       |       ||     1
Armor: Robe              |    24 |     4 |       |       |       |       ||    28
       Leather armour    |       |    36 |    78 |       |       |       ||   114
       Steam dragon scal |       |       |    11 |   100 |    64 |    37 ||   212
       Troll leather arm |       |       |       |       |   109 |       ||   109
Dodge: Dodged            |    69 |    82 |   288 |   339 |   770 |   159 ||  1707
